 Dungeon Crawl Stone Soup version 0.23.2-33-g5129a83184 (webtiles) character file.

Game seed: 4845232900661543963

28 Kold the Conjurer (level 3, 0/26 HPs)
             Began as a Draconian Conjurer on July 10, 2019.
             Slain by a leopard gecko (3 damage)
             ... on level 2 of the Dungeon.
             The game lasted 00:01:23 (811 turns).

Kold the Conjurer (Draconian Conjurer)               Turns: 811, Time: 00:01:24

Health: 0/26       AC:  6    Str: 10    XL:     3   Next: 0%
Magic:  0/6        EV: 12    Int: 16    God:
Gold:   48         SH:  0    Dex: 11    Spells: 5/6 levels left

rFire    . . .     SeeInvis .   f - +0 club
rCold    . . .     Gourm    .   (no shield)
rNeg     . . .     Faith    .   (armour unavailable)
rPois    .         Spirit   .   (helmet restricted)
rElec    .         Reflect  .   (no cloak)
rCorr    .         Harm     .   (no gloves)
MR       .....                  e - +0 pair of boots
Stlth    ++........             (no amulet)
HPRegen  0.08/turn              (no ring)
MPRegen  0.10/turn              (no ring)

@: lethally poisoned (0 -> -6)
A: unfitting armour, cold-blooded, AC +5
a: no special abilities


You were on level 2 of the Dungeon.
You were not hungry.

You visited 1 branch of the dungeon, and saw 2 of its levels.

You collected 48 gold pieces.

Inventory:

Hand Weapons
 f - a +0 club (weapon)
Armour
 e - a +0 pair of boots (worn)
Scrolls
 a - a scroll of random uselessness {unknown}
 d - a scroll of blinking {unknown}
 i - a scroll of remove curse {unknown}
Potions
 c - a potion of invisibility {unknown}
 g - a potion of agility {unknown}
Comestibles
 b - 3 rations
 h - 2 chunks of flesh


   Skills:
 - Level 2.0 Dodging
 - Level 2.0 Stealth
 + Level 2.1 Spellcasting
 * Level 4.7 Conjurations


You had 5 spell levels left.
You knew the following spells:

 Your Spells              Type           Power        Failure   Level  Hunger
a - Magic Dart            Conj           ###.         3%          1    #......

Your spell library contained the following spells:

 Spells                   Type           Power        Failure   Level  Hunger
 Searing Ray              Conj           ###...       4%          2    ###....
 Dazzling Spray           Conj/Hex       #.....       24%         3    ###....
 Iskenderun's Mystic Bla  Conj           ###.....     30%         4    #####..
 Force Lance              Conj/Tloc      #.......     61%         4    #####..
 Fulminant Prism          Conj/Hex       #.........   61%         4    #####..


Dungeon Overview and Level Annotations

Branches:
Dungeon (2/15)

Altars:


Innate Abilities, Weirdness & Mutations

Your plain brown scales are hard. (AC +5)
You cannot fit into any form of body armour.
You are cold-blooded and may be slowed by cold attacks.


Message History

Training target 2.0 for Dodging reached!
Your Dodging skill increases to level 2!
You have reached level 3!
Your experience leads to an increase in your attributes!
Increase (S)trength, (I)ntelligence, or (D)exterity?
You feel clever.
Your scales feel tougher.
You feel sick.
The leopard gecko bites you but does no damage.
You hit the leopard gecko.
The leopard gecko is almost dead.
You feel sick. The leopard gecko misses you.
You closely miss the leopard gecko.
The leopard gecko is almost dead.
You feel sick. The leopard gecko closely misses you.
The leopard gecko bites you.
* * * LOW HITPOINT WARNING * * *
You barely miss the leopard gecko.
The leopard gecko is almost dead.
The leopard gecko bites you.
You die...

.....## # #.....#
#..$....#
#####.#.....###
#..............
#.# #.## .# #.#
#..# .# #.#
#..##<# #..
#..l@.# #.#
#..#### #.#
#..#########
#.#####..##......#
#....)...##......#
##..###.#........#
#......#.##'#####
######.#.##.#
#.#<##.#


You could see a leopard gecko.

Vanquished Creatures
  An adder (D:2)
  An ooze (D:2)
  A giant cockroach (D:1)
  2 goblins
  4 hobgoblins (D:1)
  A ball python (D:1)
  2 bats (D:1)
  3 rats (D:1)
15 creatures vanquished.

Notes
Turn   | Place    | Note
-------+----------+-------------------------------------------
     0 | D:1      | Kold the Draconian Conjurer began the quest for the Orb.
     0 | D:1      | Reached XP level 1. HP: 14/14 MP: 3/3
   227 | D:1      | Reached XP level 2. HP: 14/20 MP: 1/5
   808 | D:2      | Reached XP level 3. HP: 11/26 MP: 0/6
   811 | D:2      | Slain by a leopard gecko

Skill      XL: |  1  2 |
---------------+-------+-----
Stealth        | 2 |  2.0
Dodging        | 2 |  2.0
Spellcasting   | |  2.1
Conjurations   | |  4.7

Action                   || total
-------------------------++-------
Melee: Club              ||    28
       Unarmed           ||     2
       Tailslap          ||     2
 Cast: Magic Dart        ||    26
Armor: Skin              ||    13
Dodge: Dodged            ||    27
